 Dungeon Crawl Stone Soup version 0.27-a0-1278-g6cbc8dfb29 (webtiles) character file.

Game seed: 10739709949582284496

137 trckry the Shooter (level 5, -2/28 HPs)
             Began as a Deep Elf Arcane Marksman on June 13, 2021.
             Slain by a sky beast (5 damage)
             ... on level 4 of the Dungeon.
             The game lasted 00:08:41 (4360 turns).

trckry the Shooter (Deep Elf Arcane Marksman)       Turns: 4360, Time: 00:08:42

Health: -2/28      AC:  4    Str:  8    XL:     5   Next: 0%
Magic:  9/9        EV: 12    Int: 18    God:
Gold:   132        SH:  0    Dex: 15    Spells: 0/7 levels left

rFire    . . .     SeeInvis .   a - +0 shortbow
rCold    . . .     Faith    .   (shield currently unavailable)
rNeg     . . .     Spirit   .   r - +0 leather armour
rPois    .         Reflect  .   k - +0 helmet
rElec    .         Harm     .   (no cloak)
rCorr    .         Rampage  .   (no gloves)
Will     .....                  (no boots)
Stlth    +.........             (no amulet)
HPRegen  0.09/turn              (no ring)
MPRegen  0.11/turn              (no ring)

@: no status effects
A: no striking features
a: no special abilities


You were on level 4 of the Dungeon.
You visited 1 branch of the dungeon, and saw 4 of its levels.

You collected 132 gold pieces.

Inventory:

Hand Weapons
 a - a +0 shortbow (weapon)
 b - a +0 short sword
Missiles
 d - 28 arrows (quivered ammo)
Armour
 k - a +0 helmet (worn)
 r - a +0 leather armour (worn)
Jewellery
 i - a ring of magical power
 p - a ring of ice
Scrolls
 c - a scroll of enchant armour {unknown}
 e - a scroll of blinking {unknown}
 g - a scroll of immolation {unknown}
 h - 2 scrolls of magic mapping {unknown}
 l - a scroll of noise {unknown}
 m - a scroll of torment {unknown}
 n - 2 scrolls of enchant weapon {unknown}
 o - 2 scrolls of acquirement {unknown}
Potions
 f - a potion of might {unknown}
 j - a potion of flight {unknown}
 q - a potion of brilliance {unknown}
 s - a potion of degeneration {unknown}
 t - a potion of lignification {unknown}


   Skills:
 - Level 0.7 Fighting
 - Level 1.0 Short Blades
 * Level 5.6 Bows
 - Level 2.4 Dodging
 - Level 1.5 Spellcasting
 + Level 5.4 Hexes


You couldn't memorise any spells.
You knew the following spells:

 Your Spells              Type           Power      Damage    Failure   Level
a - Corona                Hex            22%        N/A       3%          1
b - Portal Projectile     Hex/Tloc       22%        N/A       28%         3
c - Inner Flame           Hex/Fire       11%        N/A       28%         3

Your spell library contained the following spells:

 Spells                   Type           Power      Damage    Failure   Level
 Slow                     Hex            20%        N/A       4%          2
 Cause Fear               Hex            10%        N/A       30%         4
 Leda's Liquefaction      Hex/Erth       5%         N/A       67%         4


Dungeon Overview and Level Annotations

Branches:
Dungeon (4/15)
 Temple: D:4-7

Altars:
Kikubaaqudgha


Message History

The sky beast is severely wounded.
The sky beast hits you but does no damage.
MP restored: 9 You shoot an arrow.
The arrow hits the sky beast.
The sky beast is almost dead.
The sky beast stops glowing.
The sky beast hits you. The sky beast shocks you.
The sky beast barely misses you.
You take 8 damage, and have 20/28 hp.
MASSIVE DAMAGE!!
You shoot an arrow.
The arrow hits the sky beast but does no damage.
The sky beast is almost dead.
The sky beast flickers out of sight!
Deactivating autopickup; reactivate with Ctrl-A.
Something hits you. Something shocks you.
You take 8 damage, and have 12/28 hp.
MASSIVE DAMAGE!!
Fire: 31 arrows
Press: ? - help, Q - select action, (/) - cycle Shift-Dir - straight line You shoot an arrow.
Something hits you.
* * * LOW HITPOINT WARNING * * *
Something shocks you.
* * * LOW HITPOINT WARNING * * *
You take 9 damage, and have 3/28 hp.
MASSIVE DAMAGE!!
A sky beast appears from thin air!
Reactivating autopickup.
Fire: 30 arrows
Press: ? - help, Q - select action, (/) - cycle Shift-Dir - straight line, f - sky beast
Aim: a sky beast (almost dead, 50% to hit)
You shoot an arrow. The arrow misses the sky beast.
The sky beast closely misses you.
Fire: 29 arrows
Press: ? - help, Q - select action, (/) - cycle Shift-Dir - straight line, f/p - sky beast
Aim: a sky beast (almost dead, 50% to hit)
You shoot an arrow. The arrow closely misses the sky beast.
The sky beast flickers out of sight!
Deactivating autopickup; reactivate with Ctrl-A.
Something hits you.
* * * LOW HITPOINT WARNING * * *
Something shocks you.
You die...

.........#..†.###.......##...####
..######.##...# #.......###..####
#.# #.##...# #.......# #......
##. #.(....# ##.....## #.##### #
####...####.....# #.#
#.............####.#
#.##.##.#.......)..#
#.##.##.#.....######
..#####.##...@#######
.$......#####{# #(..((§..#
#.######## #. #. #. #. #.


There were no monsters in sight!

Vanquished Creatures
  A hound (D:2)
  4 gnolls
  An adder (D:4)
  A dart slug (D:3)
  2 orcs (D:4)
  3 bats
  4 endoplasms
  3 giant cockroaches
  4 goblins
  7 hobgoblins
  A jackal (D:4)
  2 quokkas (D:3)
  4 ball pythons
  6 frilled lizards
  6 kobolds
  7 rats
56 creatures vanquished.

Notes
Turn   | Place    | Note
-------+----------+-------------------------------------------
     0 | D:1      | trckry the Deep Elf Arcane Marksman began the quest for the
                  | Orb.
     0 | D:1      | Reached XP level 1. HP: 11/11 MP: 5/5
   237 | D:1      | Reached XP level 2. HP: 11/16 MP: 6/6
  1083 | D:1      | Reached XP level 3. HP: 9/20 MP: 5/7
  2153 | D:2      | Reached skill level 1 in Short Blades
  2153 | D:2      | Reached XP level 4. HP: 13/24 MP: 6/8
  2408 | D:2      | Reached skill level 5 in Hexes
  2830 | D:3      | Learned a level 3 spell: Portal Projectile
  3312 | D:3      | Found an ancient bone altar of Kikubaaqudgha.
  3356 | D:3      | Reached skill level 5 in Bows
  4311 | D:4      | Reached XP level 5. HP: 28/28 MP: 9/9
  4330 | D:4      | Learned a level 3 spell: Inner Flame
  4343 | D:4      | Noticed a sky beast
  4355 | D:4      | HP: 3/28 [something (5)]
  4360 | D:4      | HP: 3/28 [something (1)]
  4360 | D:4      | Slain by a sky beast

Illustrated notes

Levels and vault maps discovered:
D:1:      heliophobic_arrival_enchanted_forest, layout_basic
D:2:      layout_basic, roderic_roman_lattice, ebering_dispersal_statue_hall
D:3:      layout_loops_corners, lemuel_round_altar
D:4:      layout_loops_cross, old_standard_altar

Skill      XL: |  1  2  3  4 |
---------------+-------------+-----
Bows           | 3 4 5 |  5.6
Short Blades   | 1 |  1.0
Hexes          | 5 |  5.4
Fighting       | |  0.7
Dodging        | |  2.4
Spellcasting   | |  1.5

Action                   |  1- 3 |  4- 6 || total
-------------------------+-------+-------++-------
Melee: Short sword       |    43 |    12 ||    55
 Fire: Shortbow          |    61 |    94 ||   155
 Cast: Corona            |     4 |     1 ||     5
Armor: Robe              |    11 |       ||    11
       Leather armour    |       |    13 ||    13
Dodge: Dodged            |    37 |    27 ||    64

Table legend: (Time is in decaauts)
 A = Elapsed time spent in this place.
 B = Non-inter-level travel time spent in this place.
 C = Inter-level travel time spent in this place.
 D = Time resting spent in this place.
 E = Time spent auto-exploring this place.
 F = Levels seen in this place.
 G = Mean time per level.
                   A        B        C        D        E       F      G
               +--------+--------+--------+--------+--------+-----+--------+
         Total |   4370 |   4248 |    122 |    335 |   3268 |   4 | 1092.5 |
       Dungeon |   4370 |   4248 |    122 |    335 |   3268 |   4 | 1092.5 |
               +--------+--------+--------+--------+--------+-----+--------+

Top non-repeatable levels by time:
     D:1: 1819 daAuts
     D:3: 1171 daAuts
     D:2: 1058 daAuts
     D:4: 320 daAuts
